 Dungeon Crawl Stone Soup version 0.27-a0-1586-gd5c625afe7 (webtiles) character file.

Game seed: 16499795625169387390

98 Conn the Firebug (level 4, -1/27 HPs)
             Began as an Octopode Fire Elementalist on July 18, 2021.
             Killed from afar by Natasha (8 damage)
             ... with a magic dart
             ... on level 2 of the Dungeon.
             The game lasted 00:02:34 (1955 turns).

Conn the Firebug (Octopode Fire Elementalist)       Turns: 1955, Time: 00:02:35

Health: -1/27      AC:  1    Str:  7    XL:     4   Next: 69%
Magic:  8/8        EV: 13    Int: 18    God:
Gold:   117        SH:  0    Dex: 12    Spells: 2/9 levels left

rFire    . . .     SeeInvis .   c - +0 dagger
rCold    . . .     Faith    .   (no shield)
rNeg     . . .     Spirit   .   (helmet restricted)
rPois    .         Reflect  .   h - amulet of magic regeneration
rElec    .         Harm     .   (no ring)
rCorr    .         Rampage  .   (no ring)
Will     .....                  (no ring)
Stlth    +++.......             (no ring)
HPRegen  0.09/turn              (no ring)
MPRegen  0.36/turn              (no ring)
                                (no ring)
                                (no ring)

@: no status effects
A: almost no armour, amphibious, 8 rings, camouflage 1, gelatinous body 1,
(nimble swimmer 1), tentacles
a: no special abilities


You were on level 2 of the Dungeon.
You visited 1 branch of the dungeon, and saw 2 of its levels.

You collected 117 gold pieces.

Inventory:

Hand Weapons
 c - a +0 dagger (weapon)
Missiles
 b - 2 atropa-tipped darts
 g - 12 poisoned darts
Jewellery
 h - an amulet of magic regeneration (around mantle)
Scrolls
 a - 5 scrolls of identify {unknown}
 i - a scroll of teleportation {unknown}
Potions
 d - 3 potions of attraction {unknown}
 e - 2 potions of lignification {unknown}
 f - 2 potions of curing {unknown}
 j - a potion of mutation {unknown}


   Skills:
 + Level 2.2 Dodging
 + Level 3.5 Stealth
 + Level 3.1 Spellcasting
 + Level 1.8 Conjurations
 + Level 3.7 Fire Magic


You had 2 spell levels left.
You knew the following spells:

 Your Spells              Type           Power      Damage    Failure   Level
a - Foxfire               Conj/Fire      48%        2x1d6     5%          1
b - Conjure Flame         Conj/Fire      12%        6-21      16%         3
c - Inner Flame           Hex/Fire       9%         N/A       22%         3

Your spell library contained the following spells:

 Spells                   Type           Power      Damage    Failure   Level
 Sticky Flame             Conj/Fire      12%        2d4       45%         4
 Fireball                 Conj/Fire      6%         3d5       82%         5
 Leda's Liquefaction      Hex/Erth       1%         N/A       85%         4
 Bolt of Magma            Conj/Fire/Erth 4%         4d5       91%         5
 Statue Form              Tmut/Erth      1%         N/A       100%        6


Dungeon Overview and Level Annotations

Branches:
Dungeon (2/15)

Altars:

Annotations:
D:2 Natasha, Robin


Innate Abilities, Weirdness & Mutations

You cannot wear most types of armour.
You are amphibious.
You can wear up to eight rings at the same time.
Your skin changes colour to match your surroundings (Stealth+).
Your rubbery body absorbs attacks. (AC +1, EV +1)
((You are camouflaged near water. (Stealth+)))
You have tentacles for arms and can constrict up to eight enemies at once.


Message History

Casting: Foxfire (safe; 5% risk of failure)
Confirm with . or Enter, or press ? or * to list all spells.
You conjure some foxfire!
The goblin misses you.
The foxfire hits the goblin.
The goblin is severely wounded.
The foxfire hits the goblin.
You kill the goblin!
A goblin comes into view. It is wielding a +0 club.
Robin roars a battlecry!
The hobgoblin goes into a battle-frenzy!
The goblin shouts!
You hear a shout! x2
You hear a shout!
The hobgoblin barely misses you.
Robin roars a battlecry!
The goblin goes into a battle-frenzy!
Casting: Foxfire (safe; 5% risk of failure)
Confirm with . or Enter, or press ? or * to list all spells.
You conjure some foxfire!
The foxfire hits the hobgoblin.
You kill the hobgoblin!
The foxfire hits Robin but does no damage.
Robin says, "Kneel, worm!"
Robin hits you from afar with a +0 trident!
Robin's horned helmet rattles.
Your magical contamination has completely faded away.
Robin says, "Duck!"
Robin says, "My goblins will feast on your bones."
Robin roars a battlecry!
The goblin goes into a battle-frenzy!
Robin throws the goblin at you! The goblin closely misses you.
The goblin hits you with a +0 club.
* * * LOW HITPOINT WARNING * * *
A hobgoblin comes into view.
There is a stone staircase leading down here.
Robin roars a battlecry!
Natasha, Servant of Life and Death comes into view.
Natasha hisses angrily.
Natasha casts a spell at you. The magic dart hits you!
You die...

## ## #.# ##. #.# #####.. ##
#.########...... #.#
##......#...####
#.###...>g..#...####
#.#g#####........## ##..##
##.......... #.########..@##
##.........##
..............###........####
#.######......h##........# #
#................#.#####
#.#.[.....##...g##......
#.#......###.#.#########
#.#.#..........# ##
#.#.##<#####.#.# ##. #.#.####
#.#.#######.#


You could see Natasha and a goblin (strong).

Vanquished Creatures
  Natasha (twice) (D:2)
  An adder (D:2)
  6 bats
  4 giant cockroaches (D:1)
  6 goblins
  7 hobgoblins
  2 jackals (D:1)
  5 ball pythons
  2 frilled lizards
  3 kobolds
  2 rats
40 creatures vanquished.

Vanquished Creatures (others)
  98 foxfires
98 creatures vanquished.

Grand Total: 138 creatures vanquished

Notes
Turn   | Place    | Note
-------+----------+-------------------------------------------
     0 | D:1      | Conn the Octopode Fire Elementalist began the quest for the
                  | Orb.
     0 | D:1      | Reached XP level 1. HP: 11/11 MP: 3/3
   253 | D:1      | Reached XP level 2. HP: 17/17 MP: 3/5
  1174 | D:1      | Reached XP level 3. HP: 21/21 MP: 3/6
  1178 | D:1      | Learned a level 3 spell: Conjure Flame
  1350 | D:2      | Noticed Natasha
  1356 | D:2      | Killed Natasha
  1512 | D:2      | Learned a level 3 spell: Inner Flame
  1543 | D:2      | Found a faded altar of an unknown god.
  1573 | D:2      | Reached XP level 4. HP: 27/27 MP: 4/7
  1670 | D:2      | Noticed Natasha
  1676 | D:2      | Killed Natasha
  1898 | D:2      | Noticed Robin
  1954 | D:2      | Noticed Natasha
  1955 | D:2      | Killed from afar by Natasha

Illustrated notes

Levels and vault maps discovered:
D:1:      dpeg_arrival_arbitrary_c, layout_loops_ring, minmay_tetromino_o2
D:2:      layout_loops_ring, basic_ecumenical_altar, uniq_robin, uniq_natasha

Skill      XL: |  1  2  3  4 |
---------------+-------------+-----
Stealth        | 3 |  3.5
Spellcasting   | 3 |  3.1
Dodging        | |  2.2
Conjurations   | |  1.8
Fire Magic     | |  3.7

Action                   |  1- 3 |  4- 6 || total
-------------------------+-------+-------++-------
Melee: Unarmed           |     4 |       ||     4
       Tentacles         |     3 |       ||     3
       Constrict         |     2 |       ||     2
       Dagger            |    11 |       ||    11
 Cast: Foxfire           |    37 |    22 ||    59
 Stab: Sleeping          |     6 |       ||     6
Armor: Skin              |     4 |     1 ||     5
Dodge: Dodged            |    17 |     3 ||    20

Table legend: (Time is in decaauts)
 A = Elapsed time spent in this place.
 B = Non-inter-level travel time spent in this place.
 C = Inter-level travel time spent in this place.
 D = Time resting spent in this place.
 E = Time spent auto-exploring this place.
 F = Levels seen in this place.
 G = Mean time per level.
                   A        B        C        D        E       F      G
               +--------+--------+--------+--------+--------+-----+--------+
         Total |   1954 |   1938 |     16 |    134 |   1362 |   2 |  977.0 |
       Dungeon |   1954 |   1938 |     16 |    134 |   1362 |   2 |  977.0 |
               +--------+--------+--------+--------+--------+-----+--------+

Top non-repeatable levels by time:
     D:1: 1344 daAuts
     D:2: 609 daAuts
